 Dungeon Crawl Stone Soup version 0.31-a0-115-g4708a659fe (webtiles) character file.

Game seed: 11852141284586160779

564 Bnni the Poker (level 7, -6/56 HPs)
             Began as a Formicid Fighter on May 29, 2023.
             Was an Initiate of Yredelemnul.
             Mangled by a killer bee (8 damage)
             ... on level 5 of the Dungeon.
             The game lasted 00:04:17 (3922 turns).

Bnni the Poker (Formicid Fighter)                   Turns: 3922, Time: 00:04:18

Health: -6/56      AC:  9    Str: 23    XL:     7   Next: 58%
Magic:  0/8        EV:  8    Int:  7    God:    Yredelemnul [......]
Gold:   172        SH:  5    Dex: 13    Spells: 6/6 levels left

rFire   . . .        l - +0 halberd
rCold   . . .        c - +0 buckler
rNeg    . . .        o - +0 chain mail
rPois   .            (helmet unavailable)
rElec   .            (no cloak)
rCorr   .            (no gloves)
SInv    +            (no boots)
Will    .....        v - amulet of guardian spirit Stlth
                     (no ring)
HPRegen 0.29/turn    (no ring)
MPRegen 0.11/turn

%: guardian spirit
@: mighty, lethally poisoned (-6 -> -15)
A: permanent stasis, dig shafts and tunnels, antennae 3, four strong arms
a: Dig, Shaft Self, Renounce Religion, Recall Undead Harvest


You were on level 5 of the Dungeon.
You worshipped Yredelemnul.
Yredelemnul was noncommittal.
You visited 2 branches of the dungeon, and saw 6 of its levels.

You collected 172 gold pieces.

Inventory:

Hand Weapons
 a - a +0 trident
 l - a +0 halberd (weapon)
Missiles
 h - 5 poisoned darts
Armour
 c - a +0 buckler (worn)
 o - a +0 chain mail (worn)
Jewellery
 v - an amulet of guardian spirit (around neck)
Wands
 b - a wand of paralysis (13)
Scrolls
 e - a scroll of immolation {unknown}
 g - 2 scrolls of identify {unknown}
 j - a scroll of fog {unknown}
 k - a scroll of blinking {unknown}
 m - a scroll of vulnerability {unknown}
 p - a scroll of amnesia {unknown}
 s - 2 scrolls of teleportation {unknown}
Potions
 f - 2 potions of curing {unknown}
 i - a potion of berserk rage
 n - a potion of mutation {unknown}
 q - a potion of cancellation {unknown}
 r - a potion of invisibility {unknown}
 t - a potion of haste {unknown}
 u - a potion of attraction {unknown}


   Skills:
 + Level 5.5 Fighting
 * Level 6.2 Polearms
 - Level 3.2 Armour
 - Level 4.0 Shields
 + Level 2.5 Invocations


You had 6 spell levels left.
You didn't know any spells.
Your spell library contained the following spells:

 Spells                   Type           Power      Damage    Failure   Level
 Summon Guardian Golem    Hex/Summ       0%         N/A       100%        3
 Orb of Destruction       Conj           0%         9d5       100%        7
 Spellforged Servitor     Conj/Summ      0%         N/A       100%        7


Dungeon Overview and Level Annotations

Branches:
Dungeon (5/15)             Temple (1/1) D:4

Altars:
Ashenzari
Dithmenos
Fedhas
Gozag
Kikubaaqudgha
Makhleb
Ru
Wu Jian
Xom
Yredelemnul
Zin
The Shining One


Innate Abilities, Weirdness & Mutations

You cannot be hasted, slowed, berserked, paralysed or teleported.
You can dig through walls and to a lower floor.
You have a pair of large antennae on your head. (SInv)
Your four strong arms can wield two-handed weapons with a shield.


Message History

You feel sick. The killer bee barely misses you.
The killer bee stings you but does no damage.
Unknown command.
You miss the killer bee.
The killer bee is moderately wounded.
You feel sick. The killer bee stings you. The killer bee completely misses you.
You block the killer bee's attack.
Unknown command.
You miss the killer bee.
The killer bee is moderately wounded.
You feel sick.
You are no longer poisoned.
The killer bee closely misses you. You block the killer bee's attack.
Unknown command.
You barely miss the killer bee.
The killer bee is moderately wounded.
The killer bee stings you but does no damage.
You block the killer bee's attack. The killer bee stings you.
* * * LOW HITPOINT WARNING * * *
You are poisoned.
The killer bee poisons you!
You feel very mighty all of a sudden.
You feel sick.
The killer bee stings you but does no damage.
The killer bee stings you.
You completely miss the killer bee.
The killer bee is lightly wounded.
You feel sick.
The killer bee stings you but does no damage. x2
Unknown command.
You closely miss the killer bee.
The killer bee is lightly wounded.
You feel sick.
The killer bee stings you but does no damage.
The killer bee stings you!
* * * LOW HITPOINT WARNING * * *
You are more poisoned.
The killer bee poisons you! The killer bee stings you!
You die...
Your body rises from the dead as a mindless zombie.

. # # ###S...... #
##...⌠...⌠ # #.........
#####.........# ..
....#.........# ..# #
.........#### ####..# #
[.?......##@# ###.....###
...).....#y#####.........#
#........yyS.............##
((........y..###.....).....
.............##..........#
.............#...........#
.........................#
.............#.#...♣♣......
#............#.#...♣P.....>


You could see 4 killer bees.

Vanquished Creatures
  A black bear (D:4)
  An ogre (D:5)
  A scorpion (D:4)
  2 hounds (D:5)
  Ijyb (D:3)
  A sleepcap (D:5)
  A gnoll (D:1)
  5 adders
  An ufetubus (D:5)
  A dart slug (D:3)
  5 ball pythons
  4 bats
  8 endoplasms
  2 giant cockroaches
  7 goblins
  8 hobgoblins
  7 jackals (D:3)
  3 kobolds (D:3)
  7 quokkas
  13 frilled lizards
  7 rats
86 creatures vanquished.

Vanquished Creatures (collateral kills)
  A phantom (D:5)
  A kobold (D:4)
2 creatures vanquished.

Vanquished Creatures (others)
  An ogre zombie (D:5)
  A hound zombie (D:5)
  An adder zombie (D:5)
3 creatures vanquished.

Grand Total: 91 creatures vanquished

Notes
Turn   | Place    | Note
-------+----------+-------------------------------------------
     0 | D:1      | Bnni the Formicid Fighter began the quest for the Orb.
     0 | D:1      | Reached XP level 1. HP: 18/18 MP: 1/1
    85 | D:1      | Reached XP level 2. HP: 23/24 MP: 2/2
   334 | D:1      | Reached skill level 3 in Polearms
   334 | D:1      | Reached XP level 3. HP: 25/30 MP: 3/3
  1093 | D:2      | Reached XP level 4. HP: 17/37 MP: 4/4
  1283 | D:2      | Found a faded altar of an unknown god.
  1949 | D:3      | Found a shadowy altar of Dithmenos.
  1952 | D:3      | Identified the +5 short sword of Heffafut {speed, rC++}
  2053 | D:3      | Found a shimmering altar of Xom.
  2189 | D:3      | Reached skill level 4 in Polearms
  2214 | D:3      | Found an ancient bone altar of Kikubaaqudgha.
  2241 | D:3      | Reached XP level 5. HP: 42/42 MP: 5/5
  2306 | D:3      | Noticed Ijyb
  2320 | D:3      | Killed Ijyb
  2764 | D:4      | Found an opulent altar of Gozag.
  2849 | D:4      | Noticed a black bear
  2850 | D:4      | Found a staircase to the Ecumenical Temple.
  2860 | D:4      | Killed a black bear
  2861 | D:4      | Reached skill level 5 in Polearms
  2861 | D:4      | Reached XP level 6. HP: 35/50 MP: 6/6
  2920 | Temple   | Entered the Ecumenical Temple
  3049 | Temple   | Became a worshipper of Yredelemnul the Dark
  3251 | D:4      | Reached skill level 5 in Fighting
  3745 | D:5      | Entered Level 5 of the Dungeon
  3745 | D:5      | Noticed an ogre
  3809 | D:5      | Reached skill level 1 in Invocations
  3873 | D:5      | Reached XP level 7. HP: 56/56 MP: 8/8
  3894 | D:5      | Reached * piety under Yredelemnul
  3895 | D:5      | Reached skill level 6 in Polearms
  3922 | D:5      | HP: 2/56 [killer bee (6)]
  3922 | D:5      | Mangled by a killer bee

Illustrated notes

Levels and vault maps discovered:
D:1:      minmay_arrival_three_doors, layout_basic, minmay_misc_feat_tiny,
          st_stairs_13
D:2:      layout_loops_ring, shapermc_ecumenical_altar_mp_vishouse,
          minmay_lizard_king
D:3:      layout_basic, mainiacjoe_overflow_concentric_impassable,
          nicolae_dithmenos_shadow_blocks, mainiacjoe_overflow_alcove_1,
          hangedman_glass_teeth, uniq_ijyb
D:4:      layout_basic, nicolae_gozag_seed_capital, minmay_temple_entry_trees,
          minmay_misc_feat_more_columns
D:5:      layout_rooms, trog_wizard, grunt_ministairs_1,
          small_statue_intersection, corner_web_ring, kennysheep_minor_cross,
          serial_park_tiny_1
Temple:   bh_familiar_temple

Skill      XL: |  1  2  3  4  5  6  7 |
---------------+----------------------+-----
Polearms       | 3 4 5 6 |  6.2
Fighting       | 4 5 |  5.5
Invocations    | 1 2 |  2.5
Armour         | |  3.2
Shields        | |  4.0

Action                     |  1- 3 |  4- 6 |  7- 9 || total
---------------------------+-------+-------+-------++-------
  Melee: Trident           |    97 |    60 |       ||   157
         Halberd           |       |   100 |    39 ||   139
  Throw: Dart              |       |     7 |     3 ||    10
Ability: Dig               |       |       |     1 ||     1
    Use: Potion            |       |       |     1 ||     1
 Armour: Scale mail        |    43 |    19 |       ||    62
         Chain mail        |       |    54 |    41 ||    95
  Dodge: Dodged            |    41 |    51 |    27 ||   119
  Block: Buckler           |    29 |    34 |    13 ||    76

Table legend: (Time is in decaauts)
 A = Elapsed time spent in this place.
 B = Non-inter-level travel time spent in this place.
 C = Inter-level travel time spent in this place.
 D = Time resting spent in this place.
 E = Time spent auto-exploring this place.
 F = Levels seen in this place.
 G = Mean time per level.
                   A        B        C        D        E       F      G
               +--------+--------+--------+--------+--------+-----+--------+
         Total |   3988 |   3724 |    264 |      0 |   3041 |   6 |  664.7 |
       Dungeon |   3809 |   3593 |    216 |      0 |   2919 |   5 |  761.8 |
        Temple |    178 |    130 |     48 |      0 |    122 |   1 |  178.0 |
               +--------+--------+--------+--------+--------+-----+--------+

Top non-repeatable levels by time:
     D:1: 1055 daAuts
     D:4: 941 daAuts
     D:2: 862 daAuts
     D:3: 817 daAuts
  Temple: 178 daAuts
     D:5: 134 daAuts
